 Dungeon Crawl Stone Soup version 0.32-a0-616-g9348d4545b (webtiles) character file.

Game seed: 16672107851886084932

383 hikkokomori the Shooter (level 6, 0/49 HPs)
             Began as a Coglin Hunter on Mar 5, 2024.
             Slain by a yak (12 damage)
             ... on level 5 of the Dungeon.
             The game lasted 00:06:48 (2923 turns).

hikkokomori the Shooter (Coglin Hunter)             Turns: 2923, Time: 00:06:49

Health: 0/49       AC:  5    Str: 11    XL:     6   Next: 76%
Magic:  6/6        EV: 12    Int:  8    God:
Gold:   175        SH:  0    Dex: 20    Spells: 2/5 levels left

rFire   . . .        a - +2 sling {Qinisela}
rCold   . . .        d - +0 sling {Wanphen}
rNeg    . . .        k - +2 robe {Will+}
rPois   .            (no helmet)
rElec   .            s - +0 cloak
rCorr   .            (no gloves)
SInv    .            (no boots)
Will    +....        (amulet unavailable)
Stlth   +++          (ring unavailable)
HPRegen 0.28/turn    (ring unavailable)
MPRegen 0.10/turn    (no gizmo)

%: no passive effects
@: revved
A: off-hand wielding, slow wielding, warmup strikes, no jewellery
a: Invent Gizmo


You were on level 5 of the Dungeon.
You visited 1 branch of the dungeon, and saw 5 of its levels.

You collected 175 gold pieces.

Inventory:

Hand Weapons
 a - a +2 sling (weapon) {Qinisela}
 d - a +0 sling (offhand) {Wanphen}
Armour
 c - a +0 leather armour
 k - a +2 robe of willpower (worn)
 s - a +0 cloak (worn)
Wands
 m - a wand of warping (9)
Scrolls
 b - a scroll of butterflies
 e - 2 scrolls of vulnerability {unknown}
 g - 2 scrolls of enchant weapon {unknown}
 i - 2 scrolls of revelation {unknown}
 l - 3 scrolls of enchant armour {unknown}
 n - 2 scrolls of amnesia {unknown}
 q - a scroll of teleportation {unknown}
 r - a scroll of blinking {unknown}
 t - a scroll of fog {unknown}
Potions
 f - 2 potions of heal wounds {unknown}
 h - 3 potions of brilliance
 j - 3 potions of curing
 o - 2 potions of resistance {unknown}
 p - a potion of mutation {unknown}
 u - a potion of attraction {unknown}


   Skills:
 + Level 4.4 Fighting
 + Level 5.1 Ranged Weapons
 - Level 2.0 Dodging
 - Level 3.0 Stealth
 + Level 0.0 Evocations


You had 2 spell levels left.
You knew the following spells:

 Your Spells              Type           Power      Damage    Failure   Level
a - Swiftness             Air            0%         N/A       78%         3

Your spell library contained the following spells:

 Spells                   Type           Power      Damage    Failure   Level
 Ensorcelled Hibernation  Hex/Ice        0%         N/A       54%         2
 Passwall                 Erth           0%         N/A       78%         3
 Summon Forest            Summ/Tloc      0%         N/A       100%        5
 Summon Mana Viper        Hex/Summ       0%         N/A       100%        5
 Sculpt Simulacrum        Ice/Alch       0%         N/A       100%        6
 Summon Cactus Giant      Summ           0%         N/A       100%        6
 Ozocubu's Refrigeration  Ice            0%         4d7       100%        7
 Polar Vortex             Ice            0%         N/A       100%        9


Dungeon Overview and Level Annotations

Branches:
Dungeon (5/15)
 Temple: D:4-7

Altars:
Cheibriados
Uskayaw

Shops:
D:1 (


Innate Abilities, Weirdness & Mutations

You can wield a second weapon in your off-hand.
It takes a long time for you to wield or remove held weapons.
Your first few attacks do less damage.
You cannot equip rings or amulets.


Message History

You shoot a sling bullet. The sling bullet hits the yak.
The yak is lightly wounded.
You shoot a sling bullet.
The sling bullet hits the yak but does no damage.
The yak is lightly wounded.
You shoot a sling bullet. The sling bullet hits the yak.
The yak is moderately wounded.
You shoot a sling bullet.
The sling bullet closely misses the yak.
You shoot a sling bullet. The sling bullet hits the yak.
The yak is moderately wounded.
You shoot a sling bullet.
The sling bullet closely misses the yak.
You shoot a sling bullet.
The sling bullet hits the yak but does no damage.
The yak is moderately wounded.
You shoot a sling bullet. The sling bullet hits the yak.
The yak is moderately wounded.
You shoot a sling bullet. The sling bullet hits the yak.
The yak is moderately wounded.
The yak gores you but does no damage.
You shoot a sling bullet. The sling bullet hits the yak.
The yak is heavily wounded.
You shoot a sling bullet.
The sling bullet closely misses the yak.
The yak gores you!
You shoot a sling bullet. The sling bullet hits the yak.
The yak is heavily wounded.
You shoot a sling bullet. The sling bullet hits the yak.
The yak is severely wounded.
The yak gores you!
You shoot a sling bullet.
The sling bullet hits the yak but does no damage.
The yak is severely wounded.
You shoot a sling bullet. The sling bullet hits the yak.
The yak is severely wounded.
The yak gores you!
* * * LOW HITPOINT WARNING * * *
The yak gores you!
You die...

...........##.##.....
.....#.#..###.##.....
#.....## #.##...#. .
##...#####.##...##
#.# #
##.............##
#..#.
###########.####
..#...# #.# #
.......#### #.# #
...#Y@..## #.####
#.......#### #.....
#...........## #####.
#.#......#...## #. #
#.#...#.....#######.
...#..............###
#......##.....####.#
#.####.###...## #.#
.. ##.## #.###


You could see a yak.

Vanquished Creatures
  2 scorpions (D:4)
  Jessica (D:2)
  2 iguanas (D:5)
  3 gnolls (D:3)
  6 adders
  A dart slug (D:3)
  3 ribbon worms
  8 orcs
  5 ball pythons
  9 endoplasms
  14 giant cockroaches
  2 goblins
  4 hobgoblins
  6 quokkas
  8 bats
  6 frilled lizards
  2 kobolds (D:3)
  10 rats
92 creatures vanquished.

Notes
Turn   | Place    | Note
-------+----------+-------------------------------------------
     0 | D:1      | hikkokomori the Coglin Hunter began the quest for the Orb.
     0 | D:1      | Reached XP level 1. HP: 16/16 MP: 1/1
    60 | D:1      | Reached skill level 1 in Stealth
    62 | D:1      | Reached XP level 2. HP: 22/22 MP: 2/2
   122 | D:1      | Found Quocietuc's Weapon Boutique.
  1004 | D:2      | Reached XP level 3. HP: 28/28 MP: 3/3
  1061 | D:2      | Reached skill level 4 in Ranged Weapons
  1098 | D:2      | Noticed Jessica
  1103 | D:2      | Killed Jessica
  1104 | D:2      | Reached XP level 4. HP: 35/35 MP: 4/4
  1380 | D:3      | Reached XP level 5. HP: 41/41 MP: 5/5
  1825 | D:3      | Found a hide-covered altar of Uskayaw.
  2213 | D:4      | Reached XP level 6. HP: 37/48 MP: 6/6
  2386 | D:4      | Found a snail-covered altar of Cheibriados.
  2392 | D:4      | Reached skill level 5 in Ranged Weapons
  2561 | D:5      | Entered Level 5 of the Dungeon
  2910 | D:5      | Noticed a yak
  2915 | D:5      | Learned a level 3 spell: Swiftness
  2923 | D:5      | Slain by a yak

Illustrated notes

Levels and vault maps discovered:
D:1:      mushboom_english_gardens, layout_basic, serial_shops,
          nicolae_shop_rolling_square, minmay_misc_feat_enclosed,
          minmay_lizard_pond
D:2:      minmay_roachtagon, layout_rooms, uniq_jessica
D:3:      layout_rooms, nicolae_uskayaw_murder_on_the_dancefloor,
          minmay_misc_feat_hallway
D:4:      layout_cave_pools, slow_altar_1, minmay_quadrilaterals
D:5:      layout_loops_ring, minmay_temple_entry_poolview, nicolae_hexahallways,
          minmay_manual_mess

Skill      XL: |  1  2  3  4  5  6 |
---------------+-------------------+-----
Stealth        | 1 2 3 |  3.0
Dodging        | 2 |  2.0
Ranged Weapons | 4 5 |  5.1
Fighting       | 3 4 |  4.4

Action                     |  1- 3 |  4- 6 || total
---------------------------+-------+-------++-------
   Fire: Sling             |   138 |   330 ||   468
    Use: Scroll            |     2 |       ||     2
 Armour: Leather armour    |    12 |       ||    12
         Robe              |       |    38 ||    38
  Dodge: Dodged            |    16 |    39 ||    55

Table legend: (Time is in decaauts)
 A = Elapsed time spent in this place.
 B = Non-inter-level travel time spent in this place.
 C = Inter-level travel time spent in this place.
 D = Time resting spent in this place.
 E = Time spent auto-exploring this place.
 F = Levels seen in this place.
 G = Mean time per level.
                   A        B        C        D        E       F      G
               +--------+--------+--------+--------+--------+-----+--------+
         Total |   2968 |   2870 |     98 |      0 |   2411 |   5 |  593.6 |
       Dungeon |   2968 |   2870 |     98 |      0 |   2411 |   5 |  593.6 |
               +--------+--------+--------+--------+--------+-----+--------+

Top non-repeatable levels by time:
     D:1: 1012 daAuts
     D:4: 617 daAuts
     D:3: 594 daAuts
     D:2: 378 daAuts
     D:5: 365 daAuts
